AoeStats
← Ca$hflow

Arabia

505137228Analyzed
1v1 RM · 24d ago on Sep 8, 2026· 25m 22s· 2 players
Game mode
Random Map
Map size
Tiny (2 player)
Population
200
Speed
Normal
Resources
Standard
Victory
Conquest
Starting age
Dark Age
Ending age
Imperial Age
RankedLock teamsTeams togetherTeam positionsShared explorationLock speedFull tech treeHidden civsTurbo modeCheats
Victory
Defeat
🇺🇸 Spanish · United States
1097
+16
🇻🇪 Italians · Venezuela
1089
-27
Bothstarling2.0
6:30 Loom
6:44 Loom
9:25 Feudal Age
12:56 Double-Bit Axe
18:16 Padded Archer Armor
18:07 Fletching
Ca$hflow
8:24 Loom
10:29 Feudal Age
10:18 Loom
14:40 Castle Age
13:54 Double-Bit Axe
Connection lost

Rejoining the realm…

Still unreachable

The connection could not be restored.

Session expired

The server has moved on; the page needs a fresh start.